 Dungeon Crawl Stone Soup version 0.28.0-53-g5a82cb258f (webtiles) character file.

Game seed: 10040326371942766780

39 raph the Poker (level 3, -3/31 HPs)
             Began as a Minotaur Fighter on July 18, 2022.
             Slain by Sigmund
             ... wielding a +0 scythe
              (8 damage)
             ... on level 2 of the Dungeon.
             The game lasted 00:01:54 (1130 turns).

raph the Poker (Minotaur Fighter)                   Turns: 1130, Time: 00:01:54

Health: -3/31      AC:  6    Str: 20    XL:     3   Next: 28%
Magic:  2/2        EV:  9    Int:  5    God:
Gold:   90         SH:  4    Dex: 11    Spells: 2/2 levels left

rFire   . . .      SeeInvis .   a - +0 trident
rCold   . . .      Faith    .   c - +0 buckler
rNeg    . . .      Spirit   .   i - +0 scale mail
rPois   .          Reflect  .   (helmet restricted)
rElec   .          Harm     .   (no cloak)
rCorr   .          Rampage  .   (no gloves)
Will    .....                   (no boots)
Stlth   ..........              (no amulet)
HPRegen 0.10/turn               (no ring)
MPRegen 0.08/turn               (no ring)

@: mighty
A: horns 2, retaliatory headbutt
a: no special abilities


You were on level 2 of the Dungeon.
You visited 1 branch of the dungeon, and saw 2 of its levels.

You collected 90 gold pieces.

Inventory:

Hand Weapons
 a - a +0 trident (weapon)
 b - a +0 hunting sling
Missiles
 j - 15 sling bullets
Armour
 c - a +0 buckler (worn)
 i - a +0 scale mail (worn)
Jewellery
 f - a ring of ice
Scrolls
 e - 2 scrolls of identify {unknown}
 g - a scroll of acquirement {unknown}
Potions
 h - 2 potions of heal wounds {unknown}


   Skills:
 - Level 3.6 Fighting
 + Level 4.6 Polearms
 - Level 3.6 Armour
 - Level 3.6 Shields


You had 2 spell levels left.
You didn't know any spells.
Your spell library was empty.

Dungeon Overview and Level Annotations

Branches:
Dungeon (2/15)

Altars:

Annotations:
D:2 Sigmund


Innate Abilities, Weirdness & Mutations

You have a pair of horns on your head.
You reflexively headbutt those who attack you in melee.


Message History

You puncture the adder!
You kill the adder!
No target in view!
j - 14 sling bullets (gained 1)
You see here an adder corpse.
j - 15 sling bullets (gained 1)
Things that are here:
a +0 whip; 3 stones
Found a stone staircase leading down.
Sigmund and a hobgoblin come into view.
Sigmund shouts!
The hobgoblin shouts!
Sigmund casts a spell.
Sigmund flickers and vanishes!
Deactivating autopickup; reactivate with Ctrl-A.
You start waiting.
There is a strange disturbance nearby!
No target in view!
You hear some strange, mumbled words.
Something tries to affect you, but you resist.
Something hits you. You block something's attack.
You closely miss something. Your headbutt misses something.
The hobgoblin hits you. You block the hobgoblin's attack. Something hits you!
You puncture the hobgoblin!
You kill the hobgoblin!
You block something's attack. Something hits you but does no damage.
Things that are here:
4 gold pieces; a hobgoblin corpse You closely miss something.
You closely miss something. Something hits you.
You closely miss something. Something hits you!
* * * LOW HITPOINT WARNING * * *
You closely miss something. Your headbutt misses something.
You block something's attack.
You feel very mighty all of a sudden.
You closely miss something. Something hits you but does no damage.
You closely miss something. Something hits you!
You die...

#..## #.# #. #.†#########.#
#. ######..##........# #.
#..........#####..#########.
#.####..##.# #............
#.....# #..##########
#.)#..# #.....
##..#..#####..##
#...#.{@......#
#.#...#######.# #.###.# .#.
.###.###.# # #
>........######.#.
####.###.........#
#...#####.####?#
#.....<.......
#...#####..{..


There were no monsters in sight!

Vanquished Creatures
  An adder (D:2)
  2 bats (D:1)
  4 endoplasms
  2 giant cockroaches (D:1)
  2 goblins (D:1)
  4 hobgoblins
  2 quokkas (D:1)
  2 ball pythons (D:1)
  4 frilled lizards
  3 kobolds
  4 rats
30 creatures vanquished.

Notes
Turn   | Place    | Note
-------+----------+-------------------------------------------
     0 | D:1      | raph the Minotaur Fighter began the quest for the Orb.
     0 | D:1      | Reached XP level 1. HP: 19/19 MP: 0/0
   133 | D:1      | Reached skill level 3 in Polearms
   209 | D:1      | Reached XP level 2. HP: 26/26 MP: 1/1
   611 | D:1      | Reached skill level 4 in Polearms
   623 | D:1      | Found a faded altar of an unknown god.
  1073 | D:2      | Reached XP level 3. HP: 31/31 MP: 2/2
  1103 | D:2      | Noticed Sigmund
  1130 | D:2      | Slain by Sigmund

Illustrated notes

Levels and vault maps discovered:
D:1:      dpeg_arrival_rhombus, layout_loops_corners,
          ebering_ecumenical_altar_ruins, dk_noncrumbling_4
D:2:      layout_loops_ring, uniq_sigmund

Skill      XL: |  1  2 |
---------------+-------+-----
Polearms       | 3 4 |  4.6
Fighting       | |  3.6
Armour         | |  3.6
Shields        | |  3.6

Action                   || total
-------------------------++-------
Melee: Trident           ||    63
       Headbutt          ||     6
 Fire: Hunting sling     ||     2
  Use: Potion            ||     1
Armor: Scale mail        ||    13
Dodge: Dodged            ||    16
Block: Buckler           ||     9
